 Dungeon Crawl Stone Soup version 0.30-a0-141-g30f27751c5 (webtiles) character file.

Game seed: 12674204466176487901

41 qw the Chopper (level 3, 0/23 HPs)
             Began as a Gargoyle Fighter on Sept 25, 2022.
             Slain by a gnoll
             ... wielding a +0 club
              (2 damage)
             ... on level 2 of the Dungeon.
             The game lasted 00:00:26 (1309 turns).

qw the Chopper (Gargoyle Fighter)                   Turns: 1309, Time: 00:00:27

Health: 0/23       AC: 10    Str: 21    XL:     3   Next: 52%
Magic:  3/3        EV:  9    Int:  8    God:
Gold:   11         SH:  4    Dex:  9    Spells: 2/2 levels left

rFire   + . .      SeeInvis .    Y - +0 war axe
rCold   + . .      Faith    .    c - +0 buckler
rNeg    + . .      Spirit   .    b - +0 scale mail
rPois   inf        Reflect  .    (no helmet)
rElec   +          Harm     .    e - scarf {rC+ rF+}
rCorr   .          Rampage  .    (no gloves)
Will    .....                    (no boots)
Stlth   ..........               (no amulet)
HPRegen 0.07/turn                (no ring)
MPRegen 0.08/turn                (no ring)

@: no status effects
A: sickness immunity, AC +3, negative energy resistance 1, electricity
resistance, torment resistance 1, petrification resistance
a: no special abilities


You were on level 2 of the Dungeon.
You visited 1 branch of the dungeon, and saw 2 of its levels.

You collected 11 gold pieces.


Innate Abilities, Weirdness & Mutations

You are immune to sickness and miasma.
Your stone body is resilient. (AC +3)
You are immune to poison.
You resist negative energy. (rN+)
You are resistant to electric shocks. (rElec)
You are resistant to unholy torment.
You are immune to petrification.


   Skills:
 - Level 3.2 Fighting
 + Level 3.4 Axes
 - Level 3.2 Armour
 - Level 3.2 Shields


You had 2 spell levels left.
You didn't know any spells.
Your spell library was empty.

Inventory:

Hand Weapons
 g - a +0 whip
 Y - a +0 war axe (weapon)
Armour
 b - a +0 scale mail (worn)
 c - a +0 buckler (worn)
 e - a scarf of resistance (worn)
Scrolls
 a - a scroll of brand weapon {unknown}
 i - a scroll of magic mapping {unknown}
Potions
 d - 2 potions of might
 f - a potion of curing {unknown}
 h - a potion of mutation {unknown}

Dungeon Overview and Level Annotations

Branches:
Dungeon (2/15)

Altars:
Cheibriados

Shops:
D:1 *[[!   D:2 (?:!


Message History

1270 ||| SHOPLISTING potion of cancellation (104 gold, have 11).
You can access your shopping list by pressing '$'.
1270 ||| SHOPLISTING potion of lignification (39 gold, have 11).
You can access your shopping list by pressing '$'.
1270 ||| SHOPLISTING potion of might (52 gold, have 11).
You can access your shopping list by pressing '$'.
You enter the shallow water.
Moving in this stuff is going to be slow.
A gnoll comes into view. It is wielding a +0 spear.
Found a book of Spatial Translocations.
The gnoll shouts!
You hear a shout!
A gnoll comes into view. It is wielding a +0 club.
Enter note:
1299 ||| Stepping ~*~*~tactically~*~*~ (hiding).
You start waiting.
A gnoll is nearby!
A gnoll comes into view. It is wielding a +1 spear of venom.
The gnoll shouts!
You slash the gnoll!
The gnoll is severely wounded.
You hit the gnoll. The gnoll hits you with a +0 spear!
The gnoll hits you but does no damage.
You slash the gnoll!
You kill the gnoll!
You hit the gnoll. The gnoll barely misses you.
The gnoll hits you but does no damage. The gnoll barely misses you.
You block the gnoll's attack.
You barely miss the gnoll.
The gnoll is heavily wounded.
The gnoll closely misses you. The gnoll hits you with a +0 club.
You closely miss the gnoll.
The gnoll is heavily wounded.
The gnoll hits you from afar with a +1 spear of venom.
The gnoll barely misses you.
You barely miss the gnoll.
The gnoll is heavily wounded.
The gnoll hits you with a +0 club.
The gnoll hits you from afar with a +1 spear of venom.
The gnoll hits you with a +0 club.
You die...

#.# #.# #.# #.#
#.# ###.# ..
#...#
....#####.#####
#...........@)#
#######.#####g#
#..# g# #.## :#
##.# .# ##..#
.# ########...#
.# #....#...#.#
.#
~.~....###..#


You could see 2 gnolls.

Vanquished Creatures
  A gnoll (D:2)
  A worm (D:2)
  2 ball pythons (D:1)
  3 endoplasms (D:1)
  2 giant cockroaches (D:1)
  4 goblins
  5 hobgoblins
  3 bats (D:1)
  A frilled lizard (D:1)
  2 kobolds
  A rat (D:1)
25 creatures vanquished.

Notes
Turn   | Place    | Note
-------+----------+-------------------------------------------
     0 | D:1      | qw the Gargoyle Fighter began the quest for the Orb.
     0 | D:1      | Reached XP level 1. HP: 14/14 MP: 1/1
     0 | D:1      | 0 ||| qw: Version: 0.2-a-10-g399e6c4
     0 | D:1      | 0 ||| qw: Game counter: 299
     0 | D:1      | 0 ||| qw: Always use a shield: true
     0 | D:1      | 0 ||| qw: God list: Okawaru
     0 | D:1      | 0 ||| qw: Allow faded altars: false
     0 | D:1      | 0 ||| qw: Do Orc after D:15 true
     0 | D:1      | 0 ||| qw: Do second Lair branch before Depths: true
     0 | D:1      | 0 ||| qw: Lair rune preference: random
     0 | D:1      | 0 ||| qw: Plans: Normal, Zot:1-4, God:TSO, Crypt, Tomb,
                  | Pan, Slime:5, Hells, Abyss, Orb
     0 | D:1      | 0 ||| PLANNING D:1-11
    57 | D:1      | 57 ||| Stepping ~*~*~tactically~*~*~ (stealth).
    59 | D:1      | 59 ||| Stepping ~*~*~tactically~*~*~ (stealth).
    60 | D:1      | 60 ||| Stepping ~*~*~tactically~*~*~ (stealth).
   361 | D:1      | Reached XP level 2. HP: 19/19 MP: 2/2
   388 | D:1      | 388 ||| DROPPING +0 club.
   478 | D:1      | Found Murphir's General Store.
   486 | D:1      | 486 ||| SHOPLISTING scroll of teleportation (39 gold, have
                  | 11).
   742 | D:1      | Found Utty's Armour Emporium.
   745 | D:1      | 745 ||| SHOPLISTING +0 leather armour of fire resistance
                  | (108 gold, have 11).
   745 | D:1      | 745 ||| SHOPLISTING +0 storm dragon scales (960 gold, have
                  | 11).
   774 | D:1      | Found Jomnesm's Distillery.
   789 | D:1      | 789 ||| SHOPLISTING 2 potions of haste (220 gold, have 11).
   789 | D:1      | 789 ||| SHOPLISTING potion of cancellation (88 gold, have
                  | 11).
   789 | D:1      | 789 ||| SHOPLISTING potion of curing (33 gold, have 11).
   789 | D:1      | 789 ||| SHOPLISTING potion of haste (110 gold, have 11).
   789 | D:1      | 789 ||| SHOPLISTING potion of heal wounds (55 gold, have
                  | 11).
   852 | D:1      | Reached skill level 3 in Axes
   907 | D:1      | Reached XP level 3. HP: 23/23 MP: 3/3
   941 | D:1      | Found Plog's Antique Armour Shoppe.
  1000 | D:1      | 1000 ||| SHOPLISTING +1 cloak of Starlight {*Dazzle EV+4
                  | Stlth--} (488 gold, have 11).
  1000 | D:1      | 1000 ||| SHOPLISTING chain mail (72 gold, have 11).
  1000 | D:1      | 1000 ||| SHOPLISTING storm dragon scales (1280 gold, have
                  | 11).
  1000 | D:1      | 1000 ||| SHOPLISTING transparent leather armour (112 gold,
                  | have 11).
  1112 | D:1      | 1112 ||| UPGRADING to scarf of resistance.
  1117 | D:1      | 1117 ||| READING scroll labelled UGYLIASEER.
  1132 | D:2      | Found Sizugise's Weapon Emporium.
  1165 | D:2      | Found Kukkih's Magic Scroll Boutique.
  1178 | D:2      | 1178 ||| SHOPLISTING scroll of enchant weapon (90 gold,
                  | have 11).
  1178 | D:2      | 1178 ||| SHOPLISTING scroll of identify (24 gold, have 11).
  1210 | D:2      | Found a snail-covered altar of Cheibriados.
  1225 | D:2      | Found Vovac's Book Emporium.
  1227 | D:2      | Found Maejueni's Distillery.
  1246 | D:2      | Found a faded altar of an unknown god.
  1270 | D:2      | 1270 ||| SHOPLISTING potion of attraction (39 gold, have
                  | 11).
  1270 | D:2      | 1270 ||| SHOPLISTING potion of cancellation (104 gold, have
                  | 11).
  1270 | D:2      | 1270 ||| SHOPLISTING potion of lignification (39 gold, have
                  | 11).
  1270 | D:2      | 1270 ||| SHOPLISTING potion of might (52 gold, have 11).
  1299 | D:2      | 1299 ||| Stepping ~*~*~tactically~*~*~ (hiding).
  1309 | D:2      | HP: 3/23 [gnoll/+0 club (5)]
  1309 | D:2      | Slain by a gnoll

Levels and vault maps discovered:
D:1:      saegor_arrival_fortress, layout_basic, serial_shops,
          nicolae_shop_statue_plus, nicolae_shop_behind_doors,
          nicolae_shop_window_shopping, shop_fountains
D:2:      layout_basic, basic_altar, serial_shops, nicolae_shop_crystal, shop,
          nicolae_diamond_shop, nicolae_shop_waterfront,
          nicolae_shop_waterfront, hellmonk_ecumenical_altar_blasted,
          lightli_corner_chamber

Skill      XL: |  1  2 |
---------------+-------+-----
Axes           | 2 3 |  3.4
Fighting       | |  3.2
Armour         | |  3.2
Shields        | |  3.2

Action                   || total
-------------------------++-------
Melee: War axe           ||    74
  Use: Scroll            ||     1
Armor: Scale mail        ||    37
Dodge: Dodged            ||    32
Block: Buckler           ||    17

Table legend:
 A = Non-vault XP
 B = Vault XP
 C = Vault XP percentage of total XP
 D = Non-vault monster count
 E = Vault monster count
 F = Vault count percentage of total count
                 A         B        C        D         E       F
            +---------+---------+-------+---------+---------+-------
      Total |      59 |       0 |   0.0 |      25 |       0 |   0.0
            +---------+---------+-------+---------+---------+-------
        D:1 |      34 |       0 |   0.0 |      20 |       0 |   0.0
        D:2 |      25 |       0 |   0.0 |       5 |       0 |   0.0
            +---------+---------+-------+---------+---------+-------
